 Dungeon Crawl Stone Soup version 0.32-a0-841-g4648e6c457 (webtiles) character file.

Game seed: 9108084709099003165

105 Griffin23 the Covered (level 4, -3/39 (41) HPs)
             Began as a Minotaur Fighter on Mar 26, 2024.
             Slain by a gnoll
             ... wielding a +0 flail
              (5 damage)
             ... on level 3 of the Dungeon.
             The game lasted 00:01:14 (1525 turns).

Griffin23 the Covered (Minotaur Fighter)            Turns: 1525, Time: 00:01:15

HP:   -3/39 (41)    AC:  7    Str: 22    XL:     4   Next: 54%
MP:   3/3           EV:  8    Int:  5    God:
Gold: 94            SH:  4    Dex: 10    Spells: 3/3 levels left

rFire   . . .        a - +0 long sword
rCold   . . .        c - +0 buckler
rNeg    . . .        b - +0 scale mail
rPois   .            (helmet restricted)
rElec   .            (no cloak)
rCorr   .            (no gloves)
SInv    .            (no boots)
Will    .....        (no amulet) Stlth
                     (no ring)
HPRegen 0.26/turn    (no ring)
MPRegen 0.08/turn

%: no passive effects
@: lightly drained
A: horns 2, retaliatory headbutt
a: no special abilities


You were on level 3 of the Dungeon.
You visited 1 branch of the dungeon, and saw 3 of its levels.

You collected 94 gold pieces.

Inventory:

Hand Weapons
 a - a +0 long sword (weapon)
Armour
 b - a +0 scale mail (worn)
 c - a +0 buckler (worn)
Scrolls
 e - a scroll of enchant armour {unknown}
 g - a scroll of identify {unknown}
 h - a scroll of blinking {unknown}
 j - a scroll of vulnerability {unknown}
 n - a scroll of teleportation {unknown}
Potions
 d - a potion of might
 f - 3 potions of curing {unknown}
 i - a potion of resistance {unknown}
 k - a potion of mutation {unknown}
 l - a potion of haste {unknown}
 m - a potion of invisibility {unknown}


   Skills:
 + Level 4.3 Fighting
 * Level 4.0 Long Blades
 + Level 4.4 Armour
 + Level 4.3 Shields


You had 3 spell levels left.
You didn't know any spells.
Your spell library contained the following spells:

 Spells                   Type           Power      Damage    Failure   Level
 Freeze                   Ice            0%         1d3       86%         1
 Dazzling Flash           Conj/Hex       0%         N/A       99%         3
 Frozen Ramparts          Ice            0%         1d1       99%         3
 Hailstorm                Conj/Ice       0%         3d5       99%         3
 Starburst                Conj/Fire      0%         6d3       100%        6
 Maxwell's Capacitive Co  Air            0%         ∞         100%        8


Dungeon Overview and Level Annotations

Branches:
Dungeon (3/15)

Altars:
Elyvilon


Innate Abilities, Weirdness & Mutations

You have a pair of horns on your head.
You reflexively headbutt those who attack you in melee.


Message History

The gnoll shouts!
The gnoll barely misses you.
There are monsters nearby!
You completely miss the gnoll.
You headbutt the gnoll, but do no damage.
The gnoll barely misses you. The gnoll hits you but does no damage.
There are monsters nearby!
You closely miss the gnoll. You headbutt the gnoll!
The gnoll is almost dead.
The gnoll hits you with a +0 flail.
The gnoll hits you from afar with a +0 halberd.
There are monsters nearby!
You closely miss the gnoll.
The gnoll is almost dead.
The gnoll hits you with a +0 flail.
The gnoll hits you from afar with a +0 halberd!
The gnoll hits you with a +0 flail!
There are monsters nearby!
You are too injured to fight recklessly!
There are monsters nearby!
You are too injured to fight recklessly!
There are monsters nearby!
You are too injured to fight recklessly!
There are monsters nearby!
You are too injured to fight recklessly!
There are monsters nearby!
You are too injured to fight recklessly!
There are monsters nearby!
You are too injured to fight recklessly!
There are monsters nearby!
You are too injured to fight recklessly!
You closely miss the gnoll. Your headbutt misses the gnoll.
The gnoll is almost dead.
The gnoll hits you with a +0 flail.
* * * LOW HITPOINT WARNING * * *
The gnoll closely misses you. x2; The gnoll barely misses you.
The gnoll hits you from afar with a +0 halberd!
* * * LOW HITPOINT WARNING * * *
The gnoll hits you with a +0 flail.
You die...

#.# #.........#.#.#+###'#'##
#.##############.#..........#
#...........................#
##################..........#
.....?. #..........### ......
...........+.. #g!.#
##.........#.. #.g#
...........+..
#g@##############..
#...?......# #.. ##...!.....#
#.. #.........# #..
#.........######..
#..............'..
######....######.. ####.# ###
#.#


You could see 3 gnolls.

Vanquished Creatures
  Terence (D:2)
  2 adders
  A dart slug (D:1)
  5 orcs (D:3)
  4 bats
  8 endoplasms
  2 giant cockroaches
  8 goblins
  2 hobgoblins
  8 kobolds
  2 quokkas
  3 ball pythons
  4 frilled lizards
  A rat (D:1)
51 creatures vanquished.

Notes
Turn   | Place    | Note
-------+----------+-------------------------------------------
     0 | D:1      | Griffin23 the Minotaur Fighter began the quest for the Orb.
     0 | D:1      | Reached XP level 1. HP: 19/19 MP: 0/0
   156 | D:1      | Reached XP level 2. HP: 25/27 MP: 1/1
   544 | D:2      | Noticed Terence
   556 | D:2      | Killed Terence
   557 | D:2      | Reached XP level 3. HP: 15/33 MP: 2/2
   969 | D:2      | Reached XP level 4. HP: 31/40 MP: 3/3
  1322 | D:3      | Found a white marble altar of Elyvilon.
  1525 | D:3      | Slain by a gnoll

Illustrated notes

Levels and vault maps discovered:
D:1:      nzn_arrival_depleted_hourglass, layout_basic
D:2:      layout_basic, uniq_terence
D:3:      layout_basic, lemuel_crystal_altar

Skill      XL: |  1  2  3  4 |
---------------+-------------+-----
Long Blades    | 3 4 |  4.0
Fighting       | 4 |  4.3
Armour         | 4 |  4.4
Shields        | 4 |  4.3

Action                     |  1- 3 |  4- 6 || total
---------------------------+-------+-------++-------
  Melee: Long sword        |    85 |    43 ||   128
         Headbutt          |    13 |     6 ||    19
 Armour: Scale mail        |    57 |    38 ||    95
  Dodge: Dodged            |    46 |    21 ||    67
  Block: Buckler           |    21 |     6 ||    27

Table legend: (Time is in decaauts)
 A = Elapsed time spent in this place.
 B = Non-inter-level travel time spent in this place.
 C = Inter-level travel time spent in this place.
 D = Time resting spent in this place.
 E = Time spent auto-exploring this place.
 F = Levels seen in this place.
 G = Mean time per level.
                   A        B        C        D        E       F      G
               +--------+--------+--------+--------+--------+-----+--------+
         Total |   1557 |   1525 |     32 |      0 |   1238 |   3 |  519.0 |
       Dungeon |   1557 |   1525 |     32 |      0 |   1238 |   3 |  519.0 |
               +--------+--------+--------+--------+--------+-----+--------+

Top non-repeatable levels by time:
     D:2: 657 daAuts
     D:1: 542 daAuts
     D:3: 357 daAuts
